 Dungeon Crawl Stone Soup version 0.16.1 (webtiles) character file.

42 valak23 the Shield-Bearer (level 3, -2/31 HPs)
             Began as a Draconian Fighter on Mar 23, 2015.
             Slain by an orc
             ... wielding a +0 hand axe of freezing
              (4 damage)
             ... on level 3 of the Dungeon.
             The game lasted 00:03:17 (1482 turns).

valak23 the Shield-Bearer (Draconian Fighter)       Turns: 1482, Time: 00:03:17

Health: -2/31      AC:  9    Str: 19    XL:     3   Next: 33%
Magic:  3/3        EV: 10    Int:  8    God:
Gold:   116        SH: 10    Dex: 10    Spells: 0 memorised, 2 levels left

rFire  . . .     SeeInvis .     a - +0 long sword
rCold  . . .     Clarity  .     (armour unavailable)
rNeg   . . .     SustAb   .     c - +1 shield
rPois  .         Gourm    .     r - +2 hat
rElec  .         Spirit   .     (no cloak)
rCorr  .         Warding  .     b - +0 pair of gloves
rMut   .         Stasis   .     d - +0 pair of boots
MR     .....                    (no amulet)
Stlth  +.........               (no ring)
                                (no ring)

@: not resistant to hostile enchantments, very unstealthy
A: unfitting armour, cold-blooded, AC +5
a: no special abilities


You were on level 3 of the Dungeon.
You were not hungry.

You visited 1 branch of the dungeon, and saw 3 of its levels.

You collected 116 gold pieces.

Inventory:

Hand weapons
 a - a +0 long sword (weapon)
Armour
 b - a +0 pair of gloves (worn)
 c - a +1 shield (worn)
 d - a +0 pair of boots (worn)
 r - a +2 hat (worn)
Jewellery
 j - an uncursed ring of see invisible {unknown}
 n - a +3 ring of strength {unknown}
 u - an uncursed ring of positive energy {unknown}
Scrolls
 l - 2 scrolls of teleportation
 o - a scroll of blinking
Potions
 e - 2 potions of might
 i - 3 potions of haste {unknown}
 k - a potion of cancellation
 m - a potion of poison {unknown}
 q - 2 potions of curing {unknown}
 s - a potion of restore abilities {unknown}
 v - a potion of invisibility {unknown}
 w - a potion of brilliance {unknown}
Comestibles
 f - a bread ration
 g - a royal jelly
 h - 6 fruits
 t - a meat ration


   Skills:
 + Level 3.5 Fighting
 + Level 2.2 Long Blades
 + Level 3.2 Dodging
 + Level 3.6 Shields


You had 2 spell levels left.
You didn't know any spells.

Dungeon Overview and Level Annotations

Branches:
Dungeon (3/15)

Altars:
Elyvilon
Kikubaaqudgha
Trog
Zin


Innate Abilities, Weirdness & Mutations

Your plain brown scales are hard (AC +5).
Your body does not fit into most forms of armour.
Your cold-blooded metabolism reacts poorly to cold.


Message History

The orc is severely wounded.
You feel yourself speed up. The orc barely misses you.
You block the orc's attack. The orc closely misses you.
The orc hits you but does no damage. The orc hits you with a whip.
You hit the orc.
You kill the orc!
You block the orc's attack.
The orc hits you with a hand axe of freezing.
The orc freezes you.
You feel yourself slow down. The orc hits you but does no damage.
You hit the orc!
The orc is almost dead.
You feel yourself speed up. You block the orc's attack.
The orc hits you but does no damage. The orc misses you.
The orc hits you with a hand axe of freezing!
* * * LOW HITPOINT WARNING * * *
The orc freezes you.
You die...

.. ... #....# #.####
##### #.#########.†..## #
.................# .
.....##########..#######
### ##..... #.........
##.######.#.#.##
#..######.
................######..#
##.#....#≈##...)#.......#
#.# ### #.o@.####..# #.#
#.o..# #..# #.# ##.#...
#.<# ##.# #.#.......#
...# ≈...#.##.## .###
##...#.##.# ..##
..#.#.##.# ...# ..#.# # .
...# .#..


You could see 2 orcs.

Vanquished Creatures
  An adder (D:3)
  5 orcs (D:3)
  A bat (D:1)
  2 giant cockroaches
  2 hobgoblins (D:2)
  2 kobolds
  4 giant geckos
  A giant newt (D:2)
  5 goblins
  2 rats
25 creatures vanquished.

Notes
Turn   | Place    | Note
--------------------------------------------------------------
     0 | D:1      | valak23, the Draconian Fighter, began the quest for the Orb.
     0 | D:1      | Reached XP level 1. HP: 19/19 MP: 1/1
   782 | D:2      | Reached XP level 2. HP: 26/26 MP: 2/2
  1021 | D:2      | Noticed an orc warrior
  1077 | D:2      | Found a white marble altar of Elyvilon.
  1078 | D:2      | Found a bloodstained altar of Trog.
  1078 | D:2      | Found a glowing silver altar of Zin.
  1082 | D:2      | Found an ancient bone altar of Kikubaaqudgha.
  1329 | D:3      | Reached XP level 3. HP: 11/31 MP: 3/3
  1482 | D:3      | Slain by an orc

Action                   || total
-------------------------++-------
Melee: Long sword        ||    91
  Use: Scroll            ||     5
  Eat: Bread ration      ||     1
